 Dungeon Crawl Stone Soup version 0.22-a0-880-gb7b0c8b (webtiles) character file.

352 inc the Conjurer (level 6, 0/41 HPs)
             Began as a Mummy Conjurer on July 30, 2018.
             Was an Initiate of Vehumet.
             Slain by a bat (1 damage)
             ... summoned by Eustachio
             ... on level 4 of the Dungeon.
             The game lasted 00:06:49 (4835 turns).

inc the Conjurer (Mummy Conjurer)                   Turns: 4835, Time: 00:06:50

Health: 0/41       AC:  4    Str: 16    XL:     6   Next: 35%
Magic:  2/13       EV: 12    Int: 17    God:    Vehumet [......]
Gold:   302        SH:  0    Dex: 12    Spells: 12/15 levels left

rFire    x . .     SeeInvis .   k - +1 dagger (drain)
rCold    + . .     Gourm    .   (no shield)
rNeg     + + +     Faith    .   a - +0 robe
rPois    ∞         Spirit   .   s - +0 helmet (curse)
rElec    .         Reflect  .   o - +0 cloak
rCorr    .         Harm     .   (no gloves)
MR       .....                  (no boots)
Stlth    ++........             (no amulet)
HPRegen  0.13/turn              l - ring of flight
MPRegen  0.13/turn              n - +5 ring of strength

@: no status effects
A: no food or potions, fire vulnerability, cold resistance 1, negative energy
resistance 3, torment resistance, unbreathing
a: Renounce Religion, Evoke Flight


You were on level 4 of the Dungeon.
You worshipped Vehumet.
Vehumet was noncommittal.
You were not hungry.

You visited 1 branch of the dungeon, and saw 4 of its levels.

You collected 302 gold pieces.

Inventory:

Hand Weapons
 c - a +0 club
 d - a +0 dagger
 k - a +1 dagger of draining (weapon)
Armour
 a - a +0 robe (worn)
 e - a +1 scale mail of cold resistance
 o - a +0 cloak (worn)
 s - a cursed +0 helmet (worn)
Jewellery
 l - a ring of flight (left hand)
 n - a +5 ring of strength (right hand)
 r - an uncursed ring of poison resistance {unknown}
Wands
 j - a wand of flame (29)
 t - a wand of paralysis (12)
Scrolls
 b - 3 scrolls of magic mapping {unknown}
 f - 2 scrolls of amnesia {unknown}
 g - 4 scrolls of identify {unknown}
 h - a scroll of blinking {unknown}
 i - a scroll of remove curse {unknown}
 m - 3 scrolls of fog {unknown}
 p - 2 scrolls of immolation {unknown}
 q - a scroll of enchant weapon {unknown}
 u - a scroll of teleportation {unknown}


   Skills:
 - Level 1.5 Dodging
 - Level 1.5 Stealth
 + Level 5.1 Spellcasting
 + Level 5.6 Conjurations


You had 12 spell levels left.
You knew the following spells:

 Your Spells              Type           Power        Failure   Level  Hunger
a - Magic Dart            Conj           ###.         1%          1    N/A
b - Searing Ray           Conj           ###...       2%          2    N/A

Your spell library contained the following spells:

 Spells                   Type           Power        Failure   Level  Hunger
 Iskenderun's Mystic Bla  Conj           ###.....     14%         4    N/A
 Fulminant Prism          Conj/Hex       ##........   41%         4    N/A
 Dazzling Spray           Conj/Hex       ##....       13%         3    N/A
 Force Lance              Conj/Tloc      ##......     41%         4    N/A

Dungeon Overview and Level Annotations

Branches:
Dungeon (4/15)
 Temple: D:4-7

Altars:
Cheibriados
Elyvilon
Fedhas
Makhleb
Qazlal
Uskayaw
Vehumet
Wu Jian
Xom

Shops:
D:4 !

Annotations:
D:2 exclusion: oklob plant, Sigmund
D:4 Blork the orc, Eustachio


Innate Abilities, Weirdness & Mutations

You do not eat or drink.
Your flesh is vulnerable to fire.
You are immune to poison.
Your flesh is cold resistant. (rC+)
You are immune to negative energy. (rN+++)
You are immune to unholy pain and torment.
You can survive without breathing.


Message History

Unknown command.
Okay, then.
The bat misses you. The ufetubus barely misses you. The ufetubus misses you.
The ufetubus hits you but does no damage.
The ufetubus hits you.
* * * LOW HITPOINT WARNING * * *
The ufetubus hits you but does no damage.
The ufetubus barely misses you. The bat barely misses you.
Eustachio mumbles some strange words.
Unknown command.
The ufetubus disappears in a puff of smoke!
The bat hits you.
* * * LOW HITPOINT WARNING * * *
The bat barely misses you. The bat hits you but does no damage.
Unknown command.
Eustachio gestures wildly while chanting.
The bat closely misses you.
Unknown command.
The bat hits you.
You die...

......###.###.##........#
...............##........#####
...!............'.............
........######.##∩.......##...
........# #..####>....##..#
........# ##.## #..._.##..#
........#######..# #.....##.†#
$..5..@..........#######......
............b@..).# #######.##
########..........###.........
##########.<##.........
##.##......... #.##.........
#.##......... #..#.........
##.#.(....... #......[....


You could see Eustachio and a bat.

Vanquished Creatures
  A scorpion (D:4)
  A gnoll shaman (D:4)
  Crazy Yiuf (D:3)
  An orc wizard (D:3)
  A bullfrog skeleton (D:4)
  Jessica (D:3)
  Natasha (twice) (D:4)
  3 gnolls (D:4)
  4 adders
  A worm (D:4)
  3 dart slugs
  A leopard gecko (D:2)
  3 orcs (D:3)
  2 ball pythons (D:2)
  2 giant cockroaches (D:1)
  5 goblins (D:1)
  5 hobgoblins
  4 jackals (D:1)
  A kobold (D:2)
  A quokka (D:2)
  6 bats
  A frilled lizard (D:2)
  5 rats
  A fungus (D:4)
56 creatures vanquished.

Notes
Turn   | Place    | Note
-------+----------+-------------------------------------------
     0 | D:1      | inc the Mummy Conjurer began the quest for the Orb.
     0 | D:1      | Reached XP level 1. HP: 13/13 MP: 4/4
   233 | D:1      | You fall through a shaft!
   238 | D:2      | Reached XP level 2. HP: 19/19 MP: 0/5
   260 | D:2      | Found a stormy altar of Qazlal.
   357 | D:2      | Found a burning altar of Makhleb.
   656 | D:2      | Reached XP level 3. HP: 24/24 MP: 2/7
   726 | D:2      | Noticed Sigmund
   742 | D:2      | Noticed Jessica
   777 | D:3      | Killed Jessica
  1024 | D:3      | Found an ornate altar of the Wu Jian Council.
  1091 | D:3      | Reached XP level 4. HP: 30/30 MP: 1/8
  1346 | D:3      | Found a radiant altar of Vehumet.
  1418 | D:3      | Became a worshipper of Vehumet
  1422 | D:3      | Learned a level 2 spell: Searing Ray
  1445 | D:3      | Found a hide-covered altar of Uskayaw.
  1461 | D:3      | Found a white marble altar of Elyvilon.
  1578 | D:3      | Found a runed door.
  1997 | D:3      | Noticed Crazy Yiuf
  2013 | D:3      | Killed Crazy Yiuf
  2111 | D:2      | Reached XP level 5. HP: 34/35 MP: 5/10
  2162 | D:2      | Reached skill level 5 in Conjurations
  2925 | D:2      | Found a shimmering altar of Xom.
  3342 | D:2      | Found a blossoming altar of Fedhas.
  3360 | D:2      | Noticed an oklob plant
  3827 | D:4      | Noticed Blork the orc
  4266 | D:4      | Noticed Natasha
  4271 | D:4      | Killed Natasha
  4362 | D:4      | Noticed Natasha
  4541 | D:4      | Reached XP level 6. HP: 35/41 MP: 8/13
  4595 | D:4      | Killed Natasha
  4598 | D:4      | Found a snail-covered altar of Cheibriados.
  4650 | D:4      | Found Axuas's Distillery.
  4701 | D:4      | Reached skill level 5 in Spellcasting
  4804 | D:4      | Noticed Eustachio
  4829 | D:4      | HP: 2/41 [ufetubus[Eustachio] (2)]
  4835 | D:4      | Slain by a bat

Vault maps used:
D:1:      dpeg_arrival_leaves_temple_mockup, hangedman_decor_growths
D:2:      old_standard_altar, xom_teletrap_fun, overflow_temple_1_default,
          tgw_fedhas, uniq_jessica, uniq_sigmund
D:3:      overflow_temple_1_default, vehumet_crystals,
          lemuel_coloured_pillars_altar, elyvilon_altar_1, grunt_decor_fettered,
          uniq_crazy_yiuf_cottage
D:4:      lemuel_doored_altar, first_ration, serial_shops, shop,
          minmay_gold_behind_fungi, cheibriados_altar_1, uniq_blork_the_orc,
          uniq_pikel, uniq_eustachio, uniq_natasha

Skill      XL: |  1  2  3  4  5  6 |
---------------+-------------------+-----
Conjurations   | 4 5 |  5.6
Spellcasting   | 3 4 5 |  5.1
Dodging        | |  1.5
Stealth        | |  1.5

Action                   |  1- 3 |  4- 6 || total
-------------------------+-------+-------++-------
Melee: Dagger            |    15 |    35 ||    50
 Cast: Magic Dart        |    50 |    95 ||   145
       Searing Ray       |       |     9 ||     9
Armor: Robe              |     6 |    16 ||    22
Dodge: Dodged            |    26 |    69 ||    95

Table legend:
 A = Spawn XP
 B = Non-spawn XP
 C = Spawn XP percentage of total XP
 D = Spawn monster count
 E = Non-spawn monster count
 F = Spawn count percentage of total count
 G = Total turns spent on level
                    A         B        C        D         E        F      G
               +---------+---------+-------+---------+---------+-------+---------
         Total |       0 |     504 |   0.0 |       0 |      55 |   0.0 |  4835
               +---------+---------+-------+---------+---------+-------+---------
           D:1 |       0 |      35 |   0.0 |       0 |      19 |   0.0 |  1119
           D:2 |       0 |      53 |   0.0 |       0 |      16 |   0.0 |  1255
           D:3 |       0 |     143 |   0.0 |       0 |      10 |   0.0 |  1780
           D:4 |       0 |     273 |   0.0 |       0 |      10 |   0.0 |   681
               +---------+---------+-------+---------+---------+-------+---------
